 Dungeon Crawl Stone Soup version 0.26.1-2-gb8aa6d0cf2 (webtiles) character file.

Game seed: 12538453242193203562

17 Gnirx the Digger (level 2, -2/16 HPs)
             Began as a Gargoyle Earth Elementalist on Feb 13, 2021.
             Slain by a worm (8 damage)
             ... on level 2 of the Dungeon.
             The game lasted 00:01:32 (906 turns).

Gnirx the Digger (Gargoyle Earth Elementalist)       Turns: 906, Time: 00:01:32

Health: -2/16      AC:  4    Str: 11    XL:     2   Next: 62%
Magic:  4/5        EV: 12    Int: 15    God:
Gold:   68         SH:  0    Dex: 10    Spells: 4/5 levels left

rFire    . . .     SeeInvis .   e - +0 whip
rCold    . . .     Faith    .   (no shield)
rNeg     + . .     Spirit   .   c - +0 robe
rPois    ∞         Reflect  .   (no helmet)
rElec    +         Harm     .   (no cloak)
rCorr    .         Rampage  .   (no gloves)
Will     .....                  (no boots)
Stlth    ++........             (no amulet)
HPRegen  0.05/turn              (no ring)
MPRegen  0.09/turn              (no ring)

@: no status effects
A: negative energy resistance 1, electricity resistance, unbreathing,
petrification resistance, miasma immunity, AC +2
a: no special abilities


You were on level 2 of the Dungeon.
You visited 1 branch of the dungeon, and saw 2 of its levels.

You collected 68 gold pieces.

Inventory:

Hand Weapons
 e - a +0 whip (weapon)
Missiles
 b - 52 stones
 h - 14 arrows
Armour
 c - a +0 robe (worn)
Scrolls
 d - a scroll of enchant armour {unknown}
 f - a scroll of fog {unknown}
Potions
 a - a potion of might {unknown}
 g - a potion of curing {unknown}


   Skills:
 + Level 1.2 Fighting
 - Level 1.5 Dodging
 - Level 2.1 Stealth
 + Level 2.3 Spellcasting
 - Level 0.7 Transmutations
 + Level 4.0 Earth Magic


You had 4 spell levels left.
You knew the following spells:

 Your Spells              Type           Power        Failure   Level
a - Sandblast             Erth           26%          4%          1

Your spell library contained the following spells:

 Spells                   Type           Power        Failure   Level
 Passwall                 Tmut/Erth      6%           12%         2
 Stone Arrow              Conj/Erth      14%          28%         3
 Petrify                  Tmut/Erth      8%           63%         4
 Lee's Rapid Deconstruct  Erth           6%           75%         5


Dungeon Overview and Level Annotations

Branches:
Dungeon (2/15)

Altars:


Innate Abilities, Weirdness & Mutations

You are resistant to torment.
Your stone body is resilient. (AC +2)
You are immune to poison.
You resist negative energy. (rN+)
You are resistant to electric shocks. (rElec)
You can survive without breathing.
You are immune to petrification.
You are immune to miasma.


Message History

Found a stone staircase leading down.
The worm bites you.
You hit the worm.
The worm is lightly wounded.
You hit the worm.
The worm is lightly wounded.
The worm bites you.
You barely miss the worm.
The worm is lightly wounded.
The worm barely misses you.
You barely miss the worm.
The worm is lightly wounded.
Aiming: Sandblast (safe; 4% risk of failure)
Press: ? - help, Q - select action, (/) - cycle Shift-Dir - straight line, f - worm
Aim: a worm (lightly wounded, 7% to evade)
The blast of sand hits the worm!
The worm is severely wounded.
The worm bites you!
Ouch! That really hurt!
You die...

# . ##+# .# ##...## .#
##....<## #.#
##.......## ##..#
#.........####...###
+.........'...@w...#
#.........##.#...#>#
#.......###.##..#
##.....## #.# #.#
##...## #.# #.# ##'##
#.# #.# # #.# #.#
#.#.# ##### #.#
#.###.#.#
....###.######.......#


You could see a worm.

Vanquished Creatures
  2 leopard geckos (D:1)
  A goblin (D:1)
  3 kobolds (D:1)
  8 bats
14 creatures vanquished.

Notes
Turn   | Place    | Note
-------+----------+-------------------------------------------
     0 | D:1      | Gnirx the Gargoyle Earth Elementalist began the quest for
                  | the Orb.
     0 | D:1      | Reached XP level 1. HP: 10/10 MP: 3/3
   343 | D:1      | Reached XP level 2. HP: 13/16 MP: 1/5
   535 | D:1      | Reached skill level 1 in Fighting
   562 | D:1      | Reached skill level 4 in Earth Magic
   906 | D:2      | Slain by a worm

Illustrated notes

Levels and vault maps discovered:
D:1:      psy_arrival_whirlpool, layout_rooms
D:2:      layout_loops_corners, uniq_crazy_yiuf_cottage, uniq_terence

Skill      XL: |  1  2 |
---------------+-------+-----
Fighting       | 1 |  1.2
Earth Magic    | 4 |  4.0
Dodging        | |  1.5
Stealth        | |  2.1
Spellcasting   | |  2.3
Transmutations | |  0.7

Action                   || total
-------------------------++-------
Melee: Unarmed           ||    63
       Whip              ||     8
 Cast: Sandblast         ||     8
Armor: Robe              ||    49
Dodge: Dodged            ||    98
